 Dungeon Crawl Stone Soup version 0.31-a0-256-g80acddb972 (webtiles) character file.

Game seed: 17687474266405859640

445 qw the Shooter (level 6, -11/52 HPs)
             Began as a Minotaur Hexslinger on July 12, 2023.
             Mangled by a two-headed ogre
             ... wielding a +0 giant club
              (21 damage)
             ... on level 4 of the Dungeon.
             The game lasted 00:01:27 (3409 turns).

qw the Shooter (Minotaur Hexslinger)                Turns: 3409, Time: 00:01:27

Health: -11/52     AC:  6    Str: 13    XL:     6   Next: 72%
Magic:  6/6        EV: 11    Int: 10    God:
Gold:   252        SH:  0    Dex: 14    Spells: 6/7 levels left

rFire   + . .        Y - +2 sling
rCold   . . .        (no shield)
rNeg    . . .        k - +0 ring mail
rPois   .            (helmet restricted)
rElec   .            (no cloak)
rCorr   .            l - +0 pair of gloves
SInv    .            (no boots)
Will    .....        (no amulet)
Stlth   +            e - ring of protection from fire
HPRegen 0.28/turn    (no ring)
MPRegen 0.10/turn

%: no passive effects
@: no status effects
A: horns 2, retaliatory headbutt
a: no special abilities


You were on level 4 of the Dungeon.
You visited 1 branch of the dungeon, and saw 4 of its levels.

You collected 252 gold pieces.


Innate Abilities, Weirdness & Mutations

You have a pair of horns on your head.
You reflexively headbutt those who attack you in melee.


   Skills:
 - Level 4.0 Fighting
 + Level 7.0 Ranged Weapons
 - Level 1.2 Armour
 - Level 2.1 Dodging
 - Level 1.0 Spellcasting
 - Level 2.0 Hexes


You had 6 spell levels left.
You knew the following spells:

 Your Spells              Type           Power      Damage    Failure   Level
a - Slow                  Hex            16%        N/A       32%         1

Your spell library contained the following spells:

 Spells                   Type           Power      Damage    Failure   Level
 Inner Flame              Hex/Fire       2%         N/A       82%         3
 Portal Projectile        Hex/Tloc       4%         N/A       82%         3
 Cause Fear               Hex            2%         N/A       97%         4

Inventory:

Hand Weapons
 Y - a +2 sling (weapon)
Armour
 k - a +0 ring mail (worn)
 l - a +0 pair of gloves (worn)
Jewellery
 e - a ring of protection from fire (left hand)
Scrolls
 a - a scroll of teleportation
 f - a scroll of identify
Potions
 g - a potion of mutation {unknown}
 n - a potion of heal wounds {unknown}

Dungeon Overview and Level Annotations

Branches:
Dungeon (4/15)
 Temple: D:4-7

Altars:


Message History

You shoot a sling bullet. The sling bullet hits the endoplasm!
You kill the endoplasm!
You start resting.
HP restored.
Found a potion of brilliance and 2 stones.
You now have 252 gold pieces (gained 14).
a - a scroll of teleportation
Found a robe.
A hobgoblin comes into view.
Found a stone staircase leading down.
The hobgoblin shouts!
You hear an angry hiss.
A two-headed ogre comes into view. It is wielding two +0 giant clubs.
The hobgoblin moves out of view.
Enter note:
Enter note: You shoot a sling bullet.
The sling bullet hits the two-headed ogre but does no damage.
You shoot a sling bullet.
The sling bullet barely misses the hobgoblin.
You shoot a sling bullet. The sling bullet hits the hobgoblin.
The hobgoblin is moderately wounded.
You shoot a sling bullet. The sling bullet hits the hobgoblin.
You kill the hobgoblin!
You shoot a sling bullet.
The sling bullet completely misses the two-headed ogre.
The two-headed ogre hits you with a +0 giant club! x2
You shoot a sling bullet.
The sling bullet hits the two-headed ogre.
The two-headed ogre is lightly wounded.
The two-headed ogre closely misses you. You furiously retaliate!
You headbutt the two-headed ogre. The two-headed ogre barely misses you.
You shoot a sling bullet.
The sling bullet hits the two-headed ogre but does no damage.
The two-headed ogre is moderately wounded.
A dart slug comes into view.
You shoot a sling bullet.
The sling bullet hits the two-headed ogre.
The two-headed ogre is moderately wounded.
The two-headed ogre hits you with a +0 giant club!! x2
You die...

###### ..#..####
###.#.#.#### ####
###...#..#[#### ....
..#.#...#...#.####..#
......#...#.....@O.#
.##.#...#...#.####..#
###...#..#.#### ....
#.#.#.#### >.##
#!(#### w# ### #


You could see a two-headed ogre and a dart slug.

Vanquished Creatures
  An ogre (D:4)
  2 scorpions (D:2)
  A jelly (D:4)
  Natasha (D:4)
  An orc wizard (D:3)
  5 adders
  3 worms (D:3)
  2 dart slugs (D:2)
  10 orcs
  6 bats
  6 endoplasms
  5 giant cockroaches
  7 goblins
  8 hobgoblins
  8 jackals
  A quokka (D:2)
  5 ball pythons
  3 frilled lizards
  11 kobolds
  9 rats
95 creatures vanquished.

Notes
Turn   | Place    | Note
-------+----------+-------------------------------------------
     0 | D:1      | qw the Minotaur Hexslinger began the quest for the Orb.
     0 | D:1      | Reached XP level 1. HP: 16/16 MP: 1/1
     0 | D:1      | 0 ||| qw: Version: 0.3-a-52-g30416fa
     0 | D:1      | 0 ||| qw: Game counter: 6769
     0 | D:1      | 0 ||| qw: Melee chars always use a shield: true
     0 | D:1      | 0 ||| qw: God list: Okawaru
     0 | D:1      | 0 ||| qw: Allow faded altars: false
     0 | D:1      | 0 ||| qw: Do Orc after clearing Dungeon:15 true
     0 | D:1      | 0 ||| qw: Do second Lair branch before Depths: true
     0 | D:1      | 0 ||| qw: Lair rune preference: random
     0 | D:1      | 0 ||| qw: Goals: Normal
     0 | D:1      | 0 ||| PLANNING D:1-11
    14 | D:1      | 14 ||| FLEEEEING.
    15 | D:1      | 15 ||| FLEEEEING.
    16 | D:1      | 16 ||| FLEEEEING.
    17 | D:1      | 17 ||| FLEEEEING.
    84 | D:1      | Reached skill level 3 in Ranged Weapons
    89 | D:1      | Reached XP level 2. HP: 23/23 MP: 2/2
   306 | D:1      | Found a faded altar of an unknown god.
   659 | D:1      | 659 ||| UPGRADING to ring of protection from fire.
   660 | D:1      | 660 ||| READING scroll labelled IKECUQ IMITZ.
   661 | D:1      | 661 ||| READING scroll labelled PAITISTR BUMUU.
   662 | D:1      | 662 ||| READING scroll labelled LUKHAF BIVEXISU.
   663 | D:1      | 663 ||| DROPPING scroll of poison.
   799 | D:2      | Reached XP level 3. HP: 29/29 MP: 3/3
  1149 | D:2      | Noticed a scorpion
  1157 | D:2      | Killed a scorpion
  1158 | D:2      | Reached skill level 5 in Ranged Weapons
  1158 | D:2      | Reached XP level 4. HP: 35/36 MP: 4/4
  1164 | D:2      | 1164 ||| Stepping ~*~*~tactically~*~*~ (outnumbered).
  1266 | D:2      | Noticed a scorpion
  1276 | D:2      | Killed a scorpion
  1277 | D:2      | Reached skill level 3 in Fighting
  1277 | D:2      | Reached XP level 5. HP: 33/46 MP: 5/5
  1705 | D:2      | 1705 ||| READING scroll labelled TUNNEF UDEAHOM.
  1706 | D:2      | 1706 ||| READING 2 scrolls labelled LOHIUD WAMIAL.
  2081 | D:3      | 2081 ||| FLEEEEING.
  2214 | D:3      | Reached skill level 6 in Ranged Weapons
  2218 | D:3      | HP: 11/46 [orc/+0 falchion (2)]
  2219 | D:3      | 2219 ||| READING scroll of teleportation.
  2221 | D:3      | HP: 4/46 [orc/+0 trident (2)]
  2608 | D:3      | Reached XP level 6. HP: 52/52 MP: 6/6
  3017 | D:3      | 3017 ||| UPGRADING to +0 leather armour.
  3027 | D:3      | 3027 ||| DROPPING +0 robe.
  3028 | D:3      | 3028 ||| UPGRADING to +0 ring mail.
  3038 | D:3      | 3038 ||| DROPPING +0 leather armour.
  3039 | D:3      | 3039 ||| UPGRADING to +0 pair of gloves.
  3044 | D:3      | 3044 ||| DROPPING ring of magical power.
  3045 | D:3      | 3045 ||| READING scroll labelled WOIZUI XUORGH.
  3046 | D:3      | 3046 ||| READING scroll labelled HIALUKL EM XUJU.
  3047 | D:3      | 3047 ||| READING scroll labelled VYMNAC MEOLU.
  3048 | D:3      | 3048 ||| READING scroll labelled INISTARUABB.
  3049 | D:3      | 3049 ||| READING 2 scrolls of identify.
  3049 | D:3      | 3049 ||| IDENTIFYING purple potion
  3050 | D:3      | 3050 ||| DROPPING potion of brilliance.
  3091 | D:4      | Noticed Natasha
  3104 | D:4      | Killed Natasha
  3105 | D:4      | Reached skill level 1 in Armour
  3255 | D:4      | Reached skill level 7 in Ranged Weapons
  3267 | D:4      | 3267 ||| FLEEEEING.
  3268 | D:4      | 3268 ||| STAIRDANCE
  3401 | D:4      | Noticed a two-headed ogre
  3409 | D:4      | HP: 10/52 [two-headed ogre/+0 giant club (18)]
  3409 | D:4      | Mangled by a two-headed ogre

Levels and vault maps discovered:
D:1:      dpeg_arrival_stonehenge_8_columns, layout_basic,
          shapermc_ecumenical_altar_venn
D:2:      minmay_recursive_quarters, layout_loops_ring, minivault_24
D:3:      layout_basic
D:4:      minmay_spotlight, layout_loops_ring, serial_shops,
          nicolae_shop_statue_plus, minmay_ogre_servants, uniq_grinder,
          uniq_crazy_yiuf_cottage, uniq_natasha

Skill      XL: |  1  2  3  4  5  6 |
---------------+-------------------+-----
Ranged Weapons | 3 5 6 7 |  7.0
Fighting       | 2 3 4 |  4.0
Armour         | 1 |  1.2
Dodging        | |  2.1
Spellcasting   | |  1.0
Hexes          | |  2.0

Action                     |  1- 3 |  4- 6 || total
---------------------------+-------+-------++-------
   Fire: Sling             |    97 |   222 ||   319
    Use: Scroll            |     3 |     8 ||    11
 Armour: Robe              |     7 |    13 ||    20
         Ring mail         |       |     5 ||     5
  Dodge: Dodged            |    19 |    73 ||    92

Table legend:
 A = Non-vault XP
 B = Vault XP
 C = Vault XP percentage of total XP
 D = Non-vault monster count
 E = Vault monster count
 F = Vault count percentage of total count
                 A         B        C        D         E       F
            +---------+---------+-------+---------+---------+-------
      Total |     566 |      71 |  11.1 |      82 |      13 |  13.7
            +---------+---------+-------+---------+---------+-------
        D:1 |      31 |       0 |   0.0 |      19 |       0 |   0.0
        D:2 |     210 |      30 |  12.5 |      27 |       9 |  25.0
        D:3 |     120 |       0 |   0.0 |      27 |       0 |   0.0
        D:4 |     205 |      41 |  16.7 |       9 |       4 |  30.8
            +---------+---------+-------+---------+---------+-------
